 Dungeon Crawl Stone Soup version 0.01-2087-gb5e28fc70b (webtiles) character file.

Game seed: 17304999384350961538, levelgen mode: deterministic

74 funkygono the Charlatan (level 4, -1/26 HPs) Kobold Artificer. Began on May 31, 2020. Slain by a worm (5 damage) ... on level 2 of the Dungeon. The game lasted 00:04:58 (718 turns).

funkygono the Charlatan (Kobold Artificer)           Turns: 718, Time: 00:04:58

Health: -1/26      AC:  3    Str: 10    XL:     4 ^: 32
Magic:  7/7        EV: 15    Int: 17    God:
Gold:   17         SH:  0    Dex: 15    Spells: 3/3 levels left

rFire    + . .     Vision   .   a - +0 short sword
rCold    x . .     Gourm    .     - Unarmed
rNeg     . . .     Faith    .   b - +0 leather armour
rPois    .         Spirit   .   (no helmet)
rElec    .         Reflect  .   (no cloak)
rCorr    .         Harm     .   k - +0 pair of clawed gauntlets
MR       .....                  (no boots)
Stlth    ++........             (no amulet)
HPRegen  0.18/turn              h - ring of intelligence
MPRegen  0.17/turn              m - ring of fire

@: no status effects
A: small, carnivore
a: no special abilities


You were on level 2 of the Dungeon.
You were completely stuffed.

You visited 1 branch of the dungeon, and saw 2 of its levels.

You collected 17 gold pieces.

Inventory:

Weapons
 a - a +0 short sword (weapon)
Armour
 b - a +0 leather armour (worn)
 k - a +0 pair of clawed gauntlets (worn)
Jewellery
 h - a ring of intelligence (left claw)
 m - a ring of fire (right claw)
 o - a cursed ring of protection {(Curse: rF- rC-)}
Wands
 c - a wand of flame (6)
 d - a wand of enslavement (13)
 e - a wand of random effects (11)
Scrolls
 g - a scroll of teleportation
 l - a scroll of enchantment
 n - a scroll of magic mapping
Potions
 j - 2 potions of brilliance
Comestibles
 f - 6 rations
 i - 24 chunks of flesh


   Skills:
 + Level 1.7 Fighting
 + Level 2.5 Short Blades
 + Level 0.2 Armour
 + Level 3.1 Dodging
 + Level 1.4 Stealth
 + Level 1.2 Unarmed Combat
 + Level 4.0 Evocations


You had 3 spell levels left.
You didn't know any spells.
Your spell library was empty.

Dungeon Overview and Level Annotations

Branches:
Dungeon (2/8)

Altars:


Innate Abilities, Weirdness & Mutations

You are small and have problems with some larger weapons.
You are carnivorous and can eat meat at any time.


Message History

Aiming: Flame Wand
Press: ? - help, Shift-Dir - straight line, f - worm
Aim: a worm (moderately wounded (11/18))
The puff of flame hits the worm (3).
The worm is heavily wounded. (8/18) HP The worm barely misses you (0).
Evoke which item? (* to show all) (? for menu, Esc to quit)
Aiming: Flame Wand
Press: ? - help, Shift-Dir - straight line, f/p - worm
Aim: a worm (heavily wounded (9/18))
The puff of flame hits the worm (3).
The worm is severely wounded. (6/18) HP Evoke which item? (* to show all) (? for menu, Esc to quit)
Aiming: Flame Wand
Press: ? - help, Shift-Dir - straight line, f/p - worm
Aim: a worm (severely wounded (6/18))
The puff of flame hits the worm (4).
The worm is almost dead. (2/18) HP The worm bites you (5).
You die...

.........#
####...#.#
###.#.#
#.#÷# #...#
##..# ###÷.#
#
####÷)))#.#
#.@w.##÷..#
#..#####..##
#..# #..#
#.# .... #.
#..## # #..#
#.?. ....


You could see a worm.

Vanquished Creatures
  2 adders (D:2)
  4 dart slugs (D:1)
  A leopard gecko (D:1)
  7 bats
  2 giant cockroaches (D:1)
  4 goblins
  7 hobgoblins
  5 jackals (D:2)
  A ball python (D:2)
  3 frilled lizards (D:1)
  6 kobolds
  4 rats
46 creatures vanquished.

Vanquished Creatures (collateral kills)
  A jackal (D:2)
  A bat (D:2)
2 creatures vanquished.

Vanquished Creatures (others)
  A bat (D:2)
  A kobold (D:2)
2 creatures vanquished.

Grand Total: 50 creatures vanquished

Notes
Turn   | Place    | Note
-------+----------+-------------------------------------------
     0 | D:1      | funkygono the Kobold Artificer began the quest for the Orb.
     0 | D:1      | Reached XP level 1. HP: 12/12 MP: 3/3
    72 | D:1      | Reached XP level 2. HP: 16/16 MP: 4/4
   236 | D:1      | Reached XP level 3. HP: 11/20 MP: 5/5
   466 | D:1      | Reached skill level 1 in Unarmed Combat
   609 | D:2      | Reached XP level 4. HP: 25/25 MP: 6/6
   641 | D:2      | Reached skill level 4 in Evocations
   718 | D:2      | Slain by a worm

Levels and vault maps discovered:
D:1:      lightli_arrival_statuegarden, layout_rooms, first_ration,
          minmay_octomino_j4
D:2:      layout_rooms, serial_shops, kennysheep_mini_moat

Skill      XL: |  1  2  3  4 |
---------------+-------------+-----
Dodging        | 3 |  3.1
Unarmed Combat | 1 |  1.2
Short Blades   | 2 |  2.5
Evocations     | 4 |  4.0
Fighting       | |  1.7
Armour         | |  0.2
Stealth        | |  1.4

Action                   |  1- 3 |  4- 6 || total
-------------------------+-------+-------++-------
Melee: Short sword       |    94 |    44 ||   138
       Unarmed           |    74 |    36 ||   110
Evoke: Wand              |     4 |    11 ||    15
 Stab: Sleeping          |     2 |       ||     2
  Eat: Chunk             |     8 |       ||     8
Armor: Leather armour    |    14 |     7 ||    21
Dodge: Dodged            |    88 |    59 ||   147
